[Event "FIDE U16 Olympiad_boards_1-80"]
[Site "Eindhoven, Netherlands"]
[Date "2023.08.13"]
[Round "1.24"]
[White "Gao, Lucy"]
[Black "Khamdamova, Afruza"]
[Result "0-1"]
[TimeControl "2700+10"]
[WhiteElo "1618"]
[BlackElo "2112"]

1. e4 e5 2. Nf3 Nc6 3. d4 exd4 4. Bc4 Nf6 5. e5 d5 6. Bb5 Ne4 7. Nxd4 Bd7 8. Bxc6 bxc6 9. O-O Be7 10.
f3 Nc5 11. Be3 O-O 12. Nd2 Rb8 13. N2b3 Na4 14. Rb1 c5 15. Ne2 d4 16. Bf2 Bb5 17. Re1 Re8 18. f4 d3 19. Nec1 c4 20.
Nd4 c5 21. Nf3 Ba6 22. cxd3 Nc3 23. bxc3 Rxb1 24. dxc4 Qxd1 25. Rxd1 Rd8 26. Rxd8+ Bxd8 27. Be3 Bxc4 28. Kf2 Ba5 29.
Nb3 Bxb3 30. axb3 Rb2+ 31. Kg3 Bxc3 32. Bxc5 a5 33. f5 Rxb3 34. e6 fxe6 35. fxe6 Bb4 36. Bd4 a4 37. Kf4 a3 38. Ne5 a2 39. Ba1 Kf8 40.
Nd7+ Ke7 41. Bxg7 Bc3 0-1

[Event "FIDE U16 Olympiad_boards_1-80"]
[Site "Eindhoven, Netherlands"]
[Date "2023.08.13"]
[Round "1.25"]
[White "Caceres Benitez, Arturo Eduardo"]
[Black "Samadov, Read"]
[Result "0-1"]
[TimeControl "2700+10"]
[WhiteElo "2153"]
[BlackElo "2355"]

1. e4 c5 2. Nf3 d6 3. Bb5+ Nd7 4. O-O a6 5. Bxd7+ Bxd7 6. d4 cxd4 7. Qxd4 e5 8. Qd3 Rc8 9.
Nc3 h6 10. Nd2 Qc7 11. Rd1 Nf6 12. Nf1 Bg4 13. f3 Be6 14. Ne3 Be7 15. a4 O-O 16. Ncd5 Nxd5 17. exd5 Bd7 18. c4 f5 19.
b3 f4 20. Nc2 Bf5 21. Qc3 b5 22. axb5 axb5 23. Nb4 Bf6 24. Ra6 bxc4 25. Nc6 cxb3 26. Qxb3 Ra8 27. Rb6 Bc2 28. Qxc2 Qxb6+ 29. Kh1 Ra1 30. Qf5 Qc5 31. Qe6+ Kh8 32. h4 Rxc1 33. Rxc1 Qxc1+ 34. Kh2 Bxh4 35. Kh3 Qh1+ 36. Kg4 Qxg2+ 0-1

[Event "FIDE U16 Olympiad_boards_1-80"]
[Site "Eindhoven, Netherlands"]
[Date "2023.08.13"]
[Round "1.26"]
[White "Ahmad, Khagan"]
[Black "Jodorcovsky, Alejandro David"]
[Result "1-0"]
[TimeControl "2700+10"]
[WhiteElo "2163"]
[BlackElo "1633"]

1. d4 f5 2. Bg5 h6 3. Bh4 g5 4. Bg3 Nf6 5. e3 d6 6. Bd3 e6 7. Nc3 Nc6 8. h4 Rg8 9. Nge2 a6 10.
f3 Qe7 11. hxg5 hxg5 12. Qd2 Bd7 13. e4 fxe4 14. Nxe4 Nxe4 15. fxe4 Bg7 16. O-O-O O-O-O 17. Bf2 Rh8 18. Be3 Bf6 19.
c3 Rdg8 20. Ng3 Be8 21. Rdf1 Rh4 22. Bc4 Rgh8 23. Rhg1 Na5 24. Bd3 Rh2 25. e5 dxe5 26. Ne4 Bg7 27. Bxg5 Qd7 28. dxe5 Bxe5 29.
Bf6 Bxf6 30. Nxf6 Qa4 31. Nxe8 Rxe8 32. Qf4 Qxf4+ 33. Rxf4 Rg8 34. g4 Rd8 35. Rg3 Rh1+ 36. Kd2 Rh2+ 37.
Ke3 Nc6 38. Be2 Ne7 39. c4 Rg8 40. Rgf3 Ng6 41. Rf6 Kd7 42. Rf7+ Ne7 43. Rf2 Rxf2 44. Rxf2 e5 45. Ke4 Rg5 46.
Rh2 Ke6 47. Rh6+ Rg6 48. Rxg6+ Nxg6 49. g5 Ne7 50. c5 Nc6 51. Bc4+ Ke7 52. a3 Nd8 53. Kxe5 Nc6+ 54. Ke4 Nd8 55.
Bd5 Kf8 56. Kf5 Kg7 57. g6 c6 58. Be4 a5 59. a4 1-0

[Event "FIDE U16 Olympiad_boards_1-80"]
[Site "Eindhoven, Netherlands"]
[Date "2023.08.13"]
[Round "1.27"]
[White "Caceres Benitez, Fernando Israel"]
[Black "Azadaliyev, Jahandar"]
[Result "0-1"]
[TimeControl "2700+10"]
[WhiteElo "1772"]
[BlackElo "2156"]

1. e4 c6 2. d4 d5 3. e5 Bf5 4. Nd2 e6 5. Nb3 Nd7 6. Be3 h6 7. Nf3 Bh7 8. Be2 Ne7 9. O-O Nf5 10.
a4 Be7 11. a5 Qc7 12. Qd2 O-O 13. Rac1 Nxe3 14. fxe3 f6 15. c4 fxe5 16. cxd5 exd5 17. dxe5 Be4 18. Nbd4 Bxf3 19. Nxf3 Rac8 20.
a6 b6 21. e6 Nc5 22. Nd4 Bd6 23. Bf3 Bxh2+ 24. Kh1 Be5 25. Nxc6 Qxc6 26. Bxd5 Rxf1+ 27. Rxf1 Qa4 28. e7+ Kh7 29. Qf2 Qg4 30. Qf5+ Qxf5 31.
Rxf5 Nd7 32. Be6 Rc1+ 0-1

[Event "FIDE U16 Olympiad_boards_1-80"]
[Site "Eindhoven, Netherlands"]
[Date "2023.08.13"]
[Round "1.28"]
[White "Abdinova, Narmin"]
[Black "Mayeregger Gonzalez, Renata"]
[Result "1-0"]
[TimeControl "2700+10"]
[WhiteElo "1804"]
[BlackElo "1407"]

1. d4 c5 2. d5 e6 3. c4 exd5 4. cxd5 d6 5. Nc3 g6 6. Nf3 Bg7 7. g3 Nf6 8. Bg2 O-O 9. O-O a6 10.
a4 Re8 11. Nd2 Nbd7 12. Nc4 Nb6 13. Na3 h6 14. a5 Nbd7 15. Nc4 Ne5 16. Nxe5 Rxe5 17. e4 Re8 18. Re1 Ng4 19. h3 Ne5 20.
Bf1 f5 21. f4 Nf7 22. exf5 Bxf5 23. g4 Bd4+ 24. Kh2 Qh4 25. Bd2 Qf2+ 26. Bg2 Bd3 27. Re6 g5 28. Qe1 Qxe1 29. Raxe1 Rf8 30.
Ne4 gxf4 31. Bxf4 Ne5 32. Bxh6 Nf3+ 33.
Bxf3 Rxf3 34. Ng5 Rf2+ 35. Kg3 Rxb2 36. Re8+ 1-0

[Event "FIDE U16 Olympiad_boards_1-80"]
[Site "Eindhoven, Netherlands"]
[Date "2023.08.13"]
[Round "1.29"]
[White "Pichon, Ewen"]
[Black "Laamim, Roaa"]
[Result "1-0"]
[TimeControl "2700+10"]
[WhiteElo "2194"]
[BlackElo "1626"]

1. d4 d5 2. c4 e6 3. Nc3 Nf6 4. cxd5 exd5 5. Bg5 Be7 6. e3 O-O 7. Bd3 Nbd7 8. Qc2 c6 9. Nge2 Re8 10. O-O h6 11. Bh4 a5 12. Rae1 Ne4 13.
Bxe7 Qxe7 14. f3 Nxc3 15. Nxc3 Qg5 16. Qf2 b6 17. e4 Bb7 18. e5 Nf8 19. f4 Qd8 20. f5 Ba6 21. Bxa6 Rxa6 22.
Re3 Qd7 23. f6 g6 24. Rh3 h5 25. Ne2 Ne6 26. Qe3 c5 27. Qh6 Ra7 28. Rxh5 gxh5 29. Rf5 1-0

[Event "FIDE U16 Olympiad_boards_1-80"]
[Site "Eindhoven, Netherlands"]
[Date "2023.08.13"]
[Round "1.30"]
[White "Najimi, Mohamed Khalil"]
[Black "Schippke, Manon"]
[Result "0-1"]
[TimeControl "2700+10"]
[WhiteElo "1812"]
[BlackElo "2120"]

1. e4 c5 2. d4 cxd4 3. c3 Nf6 4.
e5 Nd5 5. cxd4 d6 6. exd6 e6 7. Nc3 Bxd6 8. Nf3 O-O 9. Bc4 Nxc3 10. bxc3 Qc7 11. Qd3 Nd7 12. Bb3 h6 13. Bc2 Nf6 14.
O-O Rd8 15. Re1 b6 16. a4 Bb7 17. Ba3 Rac8 18. Bxd6 Rxd6 19. Rac1 Rc6 20. Re3 Kf8 21. Bb3 Ng4 22. Ne5 Nxe3 23.
Qh7 Rxc3 24. Re1 Rc1 25. Qh8+ Ke7 26. Ng6+ Kf6 0-1

[Event "FIDE U16 Olympiad_boards_1-80"]
[Site "Eindhoven, Netherlands"]
[Date "2023.08.13"]
[Round "1.31"]
[White "Bat, Bilguun"]
[Black "Moayad, Anas"]
[Result "1/2-1/2"]
[TimeControl "2700+10"]
[WhiteElo "2220"]
[BlackElo "1757"]

1. d4 Nf6 2. Nf3 d5 3. e3 c5 4. dxc5 Qa5+ 5. Nbd2 Qxc5 6. a3 Nc6 7. b4 Qc3 8. Rb1 Bf5 9. Bb2 Qxc2 10.
Qxc2 Bxc2 11. Rc1 Ba4 12. Nb1 e6 13. Nc3 Bb3 14. Nd2 Bc4 15. Nxc4 dxc4 16. Bxc4 Be7 17. h3 O-O 18. g4 a5 19.
b5 Ne5 20. Be2 Rac8 21. Na2 Rxc1+ 22. Nxc1 Rc8 23. Nb3 Nc4 24. Bxc4 Rxc4 25. O-O Rc2 26. Bd4 a4 27. Na5 Bxa3 28.
Ra1 Rc1+ 29. Rxc1 Bxc1 30. Nxb7 a3 31. Nc5 Bb2 32. Nb3 Bxd4 33. exd4 Nd5 34. Kf1 Kf8 35. Ke1 Ke7 36. Kd2 Kd6 37.
Kc2 Nb4+ 38. Kc3 Nd5+ 39. Kc2 Nb4+ 40. Kc3 Nd5+ 1/2-1/2

[Event "FIDE U16 Olympiad_boards_1-80"]
[Site "Eindhoven, Netherlands"]
[Date "2023.08.13"]
[Round "1.32"]
[White "Elharrak, Ahmed"]
[Black "Patole, Noam"]
[Result "1/2-1/2"]
[TimeControl "2700+10"]
[WhiteElo "1764"]
[BlackElo "1916"]

1. d4 Nf6 2. c4 g6 3. Nc3 d5 4. Nf3 Bg7 5. Bf4 c6 6. e3 O-O 7. h3 Bd7 8. Be2 h6 9. O-O Be6 10.
cxd5 Nxd5 11. Nxd5 cxd5 12. Rc1 Nc6 13. Qb3 Qb6 14. Qxb6 axb6 15. a3 Rfc8 16. Nd2 f6 17. Bh2 Bf7 18.
f4 f5 19. Bg3 Be8 20. Rfd1 Na5 21. Be1 Ba4 22. Rxc8+ Rxc8 23. Rb1 Bd7 24. b4 Nc4 25. Nxc4 dxc4 26. b5 e6 27. Bb4 Bxb5 28. Bc3 Ba6 29. Rxb6 Rc6 30.
Rb1 Bf8 31. Bf3 Rc8 32. a4 Rc7 33. Rb6 Kf7 34. Kf2 Rd7 35. Ke2 Be7 36. Kd2 Bd8 37. Rb1 g5 38. g3 Bf6 39. Ba5 e5 40.
fxe5 Bxe5 41. Kc3 Bxg3 42. e4 fxe4 43. Bxe4 1/2-1/2

[Event "FIDE U16 Olympiad_boards_1-80"]
[Site "Eindhoven, Netherlands"]
[Date "2023.08.13"]
[Round "1.34"]
[White "Vagman, Roy"]
[Black "He, Matthew"]
[Result "1-0"]
[TimeControl "2700+10"]
[WhiteElo "2190"]
[BlackElo "1839"]

1. e4 c6 2. d4 d5 3. e5 Bf5 4. c4 e6 5. Nc3 Nd7 6. cxd5 cxd5 7. h4 h5 8. Bd3 Bxd3 9. Qxd3 Ne7 10.
Nf3 g6 11. Bg5 Qb6 12. O-O Nf5 13. b3 Be7 14. Bxe7 Kxe7 15. Ne2 Rac8 16. Qd2 Rc6 17. Ng3 Nh6 18. Rac1 Ng4 19. Qf4 Kf8 20.
Ng5 Nh6 21. Rxc6 Qxc6 22. Rc1 Qa6 23.
Rc7 Kg7 24. Rxd7 Rf8 25. Qf6+ Kg8 26. Nxh5 Nf5 27. Rxf7 Qf1+ 28. Kxf1 Ng3+ 29. fxg3 Rxf7 30. Qxf7+ 1-0

[Event "FIDE U16 Olympiad_boards_1-80"]
[Site "Eindhoven, Netherlands"]
[Date "2023.08.13"]
[Round "1.35"]
[White "Su, Ethan"]
[Black "Uritsky, Yonathan"]
[Result "0-1"]
[TimeControl "2700+10"]
[WhiteElo "1778"]
[BlackElo "2074"]

1. d4 Nf6 2. c4 c5 3. d5 b5 4. cxb5 a6 5. bxa6 g6 6. g3 d6 7. Bg2 Bg7 8. Nf3 O-O 9. Nc3 Nbd7 10.
O-O Bxa6 11. Rb1 Qa5 12. Re1 Rfb8 13. Nd2 Ne5 14. Qc2 Nfd7 15. f4 Nc4 16. Nxc4 Bxc4 17. Bd2 Bxa2 18. Ra1 Bb3 19.
Rxa5 Bxc2 20. Rxa8 Rxa8 21. Rc1 Bb3 22. e4 Nb6 23. Bf1 Bd4+ 24. Kg2 Nc4 25. Bxc4 Bxc4 26. Nd1 Bd3 27. Kf3 Ra4 28.
Bc3 Bxe4+ 29. Kxe4 Bxc3+ 30. Kd3 Bf6 31. Nc3 Ra7 32. g4 Rb7 33. Rc2 Rb4 34. Ke3 h6 35. h3 Kg7 36. Kf3 g5 37.
f5 Rf4+ 38. Kg3 Be5 39. Kg2 h5 40. Rf2 hxg4 41. Rxf4 gxh3+ 42. Kxh3 gxf4 43. Kg4 c4 44. Na4 Kf6 45. Nb6 e6 46.
fxe6 fxe6 47. dxe6 Kxe6 48. Nxc4 Kd5 49. Nd2 Bxb2 50. Nf3 0-1

[Event "FIDE U16 Olympiad_boards_1-80"]
[Site "Eindhoven, Netherlands"]
[Date "2023.08.13"]
[Round "1.36"]
[White "Orian, Noga"]
[Black "Mok, Gillian Xi-Lin"]
[Result "1-0"]
[TimeControl "2700+10"]
[WhiteElo "1866"]
[BlackElo "1314"]

1. d4 Nf6 2. c4 g6 3. Nc3 Bg7 4. e4 d6 5. Be2 O-O 6. Be3 Nc6 7. d5 Ne5 8. h3 c5 9. f4 Ned7 10.
g4 Qa5 11. Kf2 Kh8 12. Nf3 Ne8 13. Qc2 Ndf6 14. Rag1 e6 15. Ng5 exd5 16. exd5 Nc7 17. h4 b5 18. h5 Kg8 19. hxg6 fxg6 20.
Nxh7 Nxh7 21. Qxg6 Nf6 22. g5 Nd7 23. Rh7 Rf7 24. Rgh1 Kf8 25. Rxg7 Ne5 26. Rh8+ Ke7 27. Rxf7+ Nxf7 28.
Qf6+ Kd7 29. Qxf7# 1-0

[Event "FIDE U16 Olympiad_boards_1-80"]
[Site "Eindhoven, Netherlands"]
[Date "2023.08.13"]
[Round "1.37"]
[White "Magold, Filip"]
[Black "Simpson, Michael"]
[Result "1-0"]
[TimeControl "2700+10"]
[WhiteElo "2195"]
[BlackElo "1909"]

1. e4 c5 2. Nf3 d6 3. d4 cxd4 4. Nxd4 Nf6 5. Nc3 a6 6. Be3 e5 7. Nf3 Be7 8. Bc4 Qc7 9. Bb3 Be6 10. O-O O-O 11. Qe2 b5 12. Rfd1 h6 13. Nh4 b4 14.
Na4 Nbd7 15. Nf5 Bxf5 16. exf5 Qc6 17. Qc4 Qb7 18. Qd3 Rac8 19. h3 e4 20. Qd4 Qb5 21. Nb6 Nxb6 22. Qxb6 Qxf5 23.
Qxa6 d5 24. Qb7 Bd6 25. Bxd5 Rxc2 26. Bb3 Rc7 27. Qb6 Be5 28. Qxb4 Bxb2 29. Rab1 Bc3 30. Qb6 Rfc8 31. Rd8+ Kh7 32.
Rxc8 Qxc8 33. Rd1 Be5 34. Qb5 Qf5 35. a4 Qh5 36. Re1 Rd7 37. Bc2 g6 38. g4 Qxh3 39. Qxe5 Nxg4 40. Qg3 Qh5 41.
Bxe4 Nxe3 42. Qxe3 Rd1 43. a5 Qg5+ 44. Kf1 Qb5+ 45. Kg2 Qg5+ 46. Qxg5 1-0

[Event "FIDE U16 Olympiad_boards_1-80"]
[Site "Eindhoven, Netherlands"]
[Date "2023.08.13"]
[Round "1.38"]
[White "Soojay, Jorah"]
[Black "Filip, Andrei"]
[Result "0-1"]
[TimeControl "2700+10"]
[WhiteElo "1566"]
[BlackElo "2182"]

1. e4 c5 2. Nf3 e6 3. d4 cxd4 4. Nxd4 a6 5. Nc3 b5 6. Bd3 Bb7 7. O-O Nc6 8. Nb3 Nf6 9. Bd2 Be7 10.
Kh1 O-O 11. f4 d6 12. a4 b4 13. Na2 d5 14. e5 Ne4 15. Qe2 Qc7 16. c3 bxc3 17. Nxc3 Nxd2 18. Nxd2 g6 19. Rae1 Rfd8 20.
Qg4 Nb4 21. Bb1 d4 22. Nce4 Nd5 23. Re2 Ne3 24. Rxe3 dxe3 25. Nb3 Qc4 26. Rc1 Qxb3 27. Nf6+ Bxf6 28. exf6 Qxb2 29. Rg1 Qxf6 30.
Re1 Rd2 0-1

[Event "FIDE U16 Olympiad_boards_1-80"]
[Site "Eindhoven, Netherlands"]
[Date "2023.08.13"]
[Round "1.39"]
[White "Cnejev, Vladimir-Alexandru"]
[Black "Boshoma, Chisomo"]
[Result "1-0"]
[TimeControl "2700+10"]
[WhiteElo "2164"]
[BlackElo "1668"]

1. e4 e6 2. d4 d5 3. e5 c5 4. c3 Qb6 5. Nf3 Nc6 6. a3 Nh6 7. b4 cxd4 8. cxd4 Nf5 9. Be3 f6 10. exf6 gxf6 11. Bd3 Nxe3 12.
fxe3 Bh6 13. Qe2 Bd7 14. Nc3 Ne7 15. O-O e5 16. dxe5 Qxe3+ 17. Qxe3 Bxe3+ 18. Kh1 fxe5 19. Rae1 e4 20.
Rxe3 Nf5 21. Ree1 O-O-O 22. Ne5 exd3 23. Nxd7 d4 24. Ne4 Ne3 25. Ndf6 Nxf1 26. Rxf1 Kb8 27. Rd1 Rc8 28. Kg1 d2 29.
Rxd2 Rc1+ 30. Kf2 Ra1 31. Rd3 h6 32. g4 Rc8 33. Kg3 Ra2 34. h4 Rc7 35. Kf4 Rh2 36. h5 Ra2 37. Kf5 Rg7 38.
Ke5 Re7+ 39. Kxd4 a6 40. Ke3 Rh2 41. Kf4 Rh1 42. Rf3 Re1 43. Kf5 R7xe4 1-0

[Event "FIDE U16 Olympiad_boards_1-80"]
[Site "Eindhoven, Netherlands"]
[Date "2023.08.13"]
[Round "1.40"]
[White "Yan, Weilun"]
[Black "Maria, Lia-Alexandra"]
[Result "0-1"]
[TimeControl "2700+10"]
[WhiteElo "1390"]
[BlackElo "1859"]

1. d4 d5 2. Nf3 Nf6 3. g3 c5 4. Bg2 Nc6 5. O-O e6 6. c4 dxc4 7. dxc5 Qxd1 8. Rxd1 Bxc5 9. Nbd2 O-O 10.
Nxc4 b5 11. Nd6 Ba6 12. Bg5 Bb6 13. Bxf6 gxf6 14. Nd2 Rad8 15. Nxf7 Rxf7 16. Bxc6 Rc7 17. Be4 b4 18. Nb3 Rxd1+ 19. Rxd1 Bxe2 20. Rd8+ Kg7 21. Nd4 Rc1+ 22. Kg2 Bxd8 23. Nxe6+ Kh6 24. Nxd8 a5 25. Ne6 Bc4 26. Nd4 Bxa2 27.
Nc6 Rc5 28. Nd4 Kg7 29. b3 Rc1 30.
Kf3 Rc3+ 31. Kf4 Bxb3 32. Nf5+ Kf8 33. Nd6 Bc2 34. Bf3 b3 35. Nb5 Rc4+ 36. Ke3 b2 37. Na3 Rc3+ 38. Kd4 0-1

[Event "FIDE U16 Olympiad_boards_1-80"]
[Site "Eindhoven, Netherlands"]
[Date "2023.08.13"]
[Round "1.41"]
[White "Pusara, Mihailo"]
[Black "Borrmann, Laurenz"]
[Result "0-1"]
[TimeControl "2700+10"]
[WhiteElo "1873"]
[BlackElo "2238"]

1. e4 c6 2. d4 d5 3. exd5 cxd5 4. Bd3 Nf6 5. h3 Nc6 6. c3 e5 7. dxe5 Nxe5 8. Bb5+ Bd7 9. Bxd7+ Qxd7 10.
Nf3 Nxf3+ 11. Qxf3 Qe6+ 12. Be3 Bc5 13. Nd2 O-O 14. O-O Bxe3 15. Qxe3 Qxe3 16. fxe3 Rfe8 17. Rfe1 Re7 18. Re2 Rae8 19.
Rae1 h5 20. g3 Nd7 21. Nf3 Nc5 22. Rd2 Rxe3 23. Rxe3 Rxe3 24. Rxd5 Ne4 25. Rd8+ Kh7 26. Re8 Rxf3 27. Rxe4 Rxg3+ 28. Kh2 Rd3 29. Re2 f6 30. c4 Kg8 31.
b3 Kf7 32. Kg2 g5 33. Rc2 f5 34. b4 g4 35. hxg4 hxg4 36. Kf2 Ke6 37. Re2+ Kd6 38. Rc2 f4 39. Ke2 Rh3 40. Rd2+ Kc6 41.
Rd4 f3+ 42. Kf2 Rh2+ 43. Kf1 g3 44. Rg4 Rh1# 0-1

[Event "FIDE U16 Olympiad_boards_1-80"]
[Site "Eindhoven, Netherlands"]
[Date "2023.08.13"]
[Round "1.42"]
[White "Balint, Peter"]
[Black "Milovic, Ilija"]
[Result "1-0"]
[TimeControl "2700+10"]
[WhiteElo "2162"]
[BlackElo "1533"]

1. e4 e6 2. d4 d5 3. Nc3 Nf6 4. e5 Nfd7 5. f4 c5 6. Nf3 Nc6 7. Be3 Qb6 8. Na4 Qa5+ 9. c3 cxd4 10.
b4 Qd8 11. Nxd4 Nxd4 12. Bxd4 Be7 13. Bd3 O-O 14. O-O f5 15. Qf3 Qe8 16. Nb2 Nb8 17. a3 Bd7 18. c4 dxc4 19. Bxc4 Bd8 20.
Qb3 Nc6 21. Bc5 Bb6 22. Bxb6 axb6 23. Rfd1 b5 24. Bf1 Ne7 25. g3 Nd5 26. Bg2 Bc6 27. Rac1 Qg6 28. Rd4 h5 29. Nd3 h4 30.
Nc5 Rad8 31. Rcd1 hxg3 32. hxg3 Nxf4 33. Rxd8 Nxg2 34. Nxe6 1-0

[Event "FIDE U16 Olympiad_boards_1-80"]
[Site "Eindhoven, Netherlands"]
[Date "2023.08.13"]
[Round "1.43"]
[White "Radulovic, Vasilije"]
[Black "Ernst, Robert"]
[Result "0-1"]
[TimeControl "2700+10"]
[WhiteElo "1453"]
[BlackElo "2088"]

1. d4 d5 2. c4 c6 3. Nc3 Nf6 4.
cxd5 cxd5 5. Bg5 Nc6 6. Bxf6 gxf6 7. e3 e6 8. Bb5 Bd6 9. Nf3 Bd7 10. a3 Na5 11. Bxd7+ Qxd7 12. e4 dxe4 13.
Nxe4 Be7 14. b4 Nc4 15. Qb3 Rc8 16. Nc5 Qd5 17. Rc1 Nb6 18. Qxd5 Nxd5 19. O-O b6 20. Ne4 Kd7 21. g3 Rxc1 22.
Rxc1 Rc8 23. Rxc8 Kxc8 24. Nfd2 f5 25. f3 fxe4 26. fxe4 Nc3 27. e5 Ne2+ 28. Kf2 Nxd4 29. Nb1 Nc6 30.
Ke3 Nxe5 31. Ke4 Ng4 32. Kd4 0-1

[Event "FIDE U16 Olympiad_boards_1-80"]
[Site "Eindhoven, Netherlands"]
[Date "2023.08.13"]
[Round "1.44"]
[White "Deak-Sala, Emilia"]
[Black "Mosurovic, Milena"]
[Result "1-0"]
[TimeControl "2700+10"]
[WhiteElo "1910"]
[BlackElo "1646"]

1. e4 e5 2. Nf3 Nc6 3. Bc4 Nf6 4. d3 Bc5 5. c3 a6 6. h3 d6 7. Bb3 Ba7 8. Nbd2 O-O 9. Nf1 d5 10.
Qe2 Re8 11. Ng3 Na5 12. Bc2 c5 13. O-O h6 14. Re1 Qb6 15. exd5 Nxd5 16. d4 Bd7 17. dxe5 Bb5 18. Qe4 Nf6 19.
Qh4 Nd7 20. Nf5 Re6 21. Qg3 Rg6 22. Ne7+ 1-0

[Event "FIDE U16 Olympiad_boards_1-80"]
[Site "Eindhoven, Netherlands"]
[Date "2023.08.13"]
[Round "1.45"]
[White "Dubnevych, Maksym"]
[Black "Hernandez Mendez, Iker"]
[Result "1-0"]
[TimeControl "2700+10"]
[WhiteElo "2196"]
[BlackElo "1686"]

1. d4 Nf6 2. c4 e6 3. Nf3 c6 4. Bf4 d5 5. e3 Nbd7 6. cxd5 exd5 7. h3 Be7 8. Bd3 O-O 9. O-O Re8 10.
Nc3 Nf8 11. Ne5 Ng6 12. Bg3 Bd6 13. f4 c5 14. Qf3 cxd4 15. exd4 Qb6 16. Qf2 Be6 17. Kh1 Ne7 18. Bh4 Nd7 19.
Bxe7 Rxe7 20. f5 Bxe5 21. fxe6 Bxd4 22. Qh4 Rxe6 23. Nxd5 Rh6 24. Nxb6 Rxh4 25. Nxa8 Bxb2 26. Rab1 Be5 27.
Rxb7 Nc5 28. Re7 Bd6 29. Rexf7 Nxd3 30. Rd7 Bf8 31. Rxd3 Be7 32. Nc7 Ra4 33. Nd5 Bf8 34. Nc3 1-0

[Event "FIDE U16 Olympiad_boards_1-80"]
[Site "Eindhoven, Netherlands"]
[Date "2023.08.13"]
[Round "1.46"]
[White "Thogata, Randheer"]
[Black "Hnatyshyn, Anastasiia"]
[Result "1/2-1/2"]
[TimeControl "2700+10"]
[WhiteElo "1636"]
[BlackElo "2139"]

1. e4 c5 2. Nf3 Nc6 3. Bb5 g6 4. O-O Bg7 5. Re1 Nf6 6. e5 Nd5 7. Nc3 Nc7 8. Bxc6 dxc6 9. Ne4 Ne6 10.
d3 O-O 11. Be3 b6 12. Qd2 Qc7 13. Bh6 Rd8 14. Bxg7 Kxg7 15. Qe3 h6 16. h4 Nd4 17. Nxd4 cxd4 18. Qg3 Qd7 19. f3 Qf5 20.
Re2 a5 21. Rae1 a4 22. e6 Bxe6 23. Nf2 Qf6 24. Ne4 Qf5 25. Nf2 Qf6 26. Ne4 Qf5 27. Nf2 Qf6 28. Ne4 Qf5 1/2-1/2

[Event "FIDE U16 Olympiad_boards_1-80"]
[Site "Eindhoven, Netherlands"]
[Date "2023.08.13"]
[Round "1.47"]
[White "Fishchuk, Vladyslav"]
[Black "Fan, Chloe"]
[Result "1-0"]
[TimeControl "2700+10"]
[WhiteElo "2053"]
[BlackElo "1787"]

1. Nc3 Nf6 2. d4 d5 3. Bf4 c5 4. e4 e6 5. Nb5 Na6 6. e5 Nd7 7. Nf3 Be7 8. c3 O-O 9. Bd3 cxd4 10.
h4 f5 11. Nbxd4 Nac5 12. Bc2 Nb8 13. Qe2 Nc6 14. O-O-O a5 15. c4 Nb4 16. Bb1 Qc7 17. a3 Nba6 18. Ba2 Bd7 19. Kb1 Ba4 20.
Rc1 dxc4 21. Qxc4 Qb6 22. Nxe6 Bb5 23. Qxb5 Qxb5 24. Ned4+ Nb3 25. Nxb5 Nac5 26. Rxc5 Bxc5 27. Bxb3+ Kh8 28. Nc7 Rac8 29. Ne6 Rfe8 30.
Nfg5 h6 31. Nf7+ Kh7 32. Nd6 Bxd6 33. exd6 1-0

[Event "FIDE U16 Olympiad_boards_1-80"]
[Site "Eindhoven, Netherlands"]
[Date "2023.08.13"]
[Round "1.48"]
[White "O'carroll, Om"]
[Black "Kovalskyi, Roman"]
[Result "0-1"]
[TimeControl "2700+10"]
[WhiteElo "1284"]
[BlackElo "1989"]

1. e4 c5 2. Nf3 g6 3. c3 d5 4.
exd5 Qxd5 5. d4 Bg7 6. Nbd2 cxd4 7. Bc4 Qd8 8. Qb3 Nh6 9. cxd4 O-O 10. O-O Nc6 11. d5 Na5 12. Qb4 Nxc4 13.
Qxc4 Bg4 14. h3 Rc8 15. Qb3 Bxf3 16. Nxf3 b6 17. Bf4 Nf5 18. Rac1 Rc5 19. Rfd1 Qa8 20. Ne5 Nd4 21. Rxd4 Rxc1+ 22. Bxc1 Bxe5 23. Re4 Bf6 24. Re1 Qc8 25. Bh6 Rd8 26.
Qb5 Qd7 27. Qxd7 Rxd7 28. Rc1 Rd8 29. Rc7 e6 30. Rxa7 exd5 31. b3 d4 32. Rb7 d3 33. Bd2 Bd4 34. g3 Kg7 35. a4 Kf6 36.
h4 Ke6 37. Rc7 Bc5 38. b4 Bd4 39. a5 bxa5 40. bxa5 Rb8 41. a6 Rb2 42. Bf4 d2 43. Bxd2 Rxd2 44. a7 Ra2 0-1

[Event "FIDE U16 Olympiad_boards_1-80"]
[Site "Eindhoven, Netherlands"]
[Date "2023.08.13"]
[Round "1.49"]
[White "Bourg, Nicolas"]
[Black "Hagner, Bennet"]
[Result "1/2-1/2"]
[TimeControl "2700+10"]
[WhiteElo "1896"]
[BlackElo "2221"]

1. e4 c5 2. Nf3 d6 3. d4 cxd4 4.
Nxd4 Nf6 5. Nc3 a6 6. Be2 e5 7. Nb3 Be7 8. O-O O-O 9. f4 Nc6 10. a4 Re8 11. f5 Nb4 12. Bg5 b6 13.
Bxf6 Bxf6 14. Nd5 Nxd5 15. Qxd5 Rb8 16. Bc4 Qc7 17. Qd3 b5 18. axb5 axb5 19. Bd5 Bd7 20. c3 Rec8 21. Qe3 Rb6 22.
Nc1 b4 23. cxb4 Rxb4 24. Ra7 Qd8 25. Nd3 Bg5 26. Qg3 Bh4 27. Qh3 Qb6+ 28. Kh1 Qxa7 29. Nxb4 Bb5 30. Rb1 Qf2 31. f6 Rc7 32.
Ra1 gxf6 33. Qg4+ Bg5 34. b3 Qd4 35. Rd1 Qxb4 36. h4 Be2 37. Qxe2 Bxh4 38. Rf1 Bg5 39. Qg4 Kg7 40. Rxf6 Qe1+ 41.
Kh2 Kxf6 42. Qf5+ Ke7 43. Qxf7+ Kd8 44. Qg8+ Kd7 45. Qe6+ Kd8 46. Qg8+ Kd7 47. Qe6+ Kd8 1/2-1/2

[Event "FIDE U16 Olympiad_boards_1-80"]
[Site "Eindhoven, Netherlands"]
[Date "2023.08.13"]
[Round "1.50"]
[White "Ermitsch, Magnus"]
[Black "Zaccaria, Noa"]
[Result "1-0"]
[TimeControl "2700+10"]
[WhiteElo "2297"]
[BlackElo "1496"]

1. e4 c6 2. Nf3 d5 3. Nc3 Bg4 4.
h3 Bxf3 5. Qxf3 e6 6. Be2 Nf6 7.
d3 Nbd7 8. O-O Bb4 9. Kh1 Bxc3 10. bxc3 dxe4 11. dxe4 O-O 12. Ba3 Re8 13. Rfd1 Qa5 14. Bd6 Rad8 15. Rab1 b6 16. Qe3 e5 17. Bc4 c5 18. Bb5 Rc8 19. Qe2 Qxc3 20. Ba6 Ra8 1-0

[Event "FIDE U16 Olympiad_boards_1-80"]
[Site "Eindhoven, Netherlands"]
[Date "2023.08.13"]
[Round "1.51"]
[White "Ortiz Bogdanov, Pablo"]
[Black "Peglau, Dora"]
[Result "0-1"]
[TimeControl "2700+10"]
[WhiteElo "1484"]
[BlackElo "1861"]

1. e4 c6 2. d4 d5 3. e5 c5 4.
dxc5 Nc6 5. Nf3 e6 6. a3 Bxc5 7. b4 Bb6 8. Bd3 Nge7 9. O-O Bd7 10. Bb2 Rc8 11. Nbd2 Ng6 12. g3 O-O 13.
h4 Qc7 14. Re1 f6 15. Bxg6 hxg6 16. Rc1 fxe5 17. Bxe5 Nxe5 18. Rxe5 Bxf2+ 19. Kg2 Rf5 20. Qe2 Rcf8 21. Rf1 Bb6 22.
Nb3 a6 23. Rxf5 Rxf5 24. Nbd4 Bxd4 25. Nxd4 Rxf1 26. Kxf1 e5 27. Kg1 exd4 28. Qf3 Qe5 29. g4 Qe4 0-1

[Event "FIDE U16 Olympiad_boards_1-80"]
[Site "Eindhoven, Netherlands"]
[Date "2023.08.13"]
[Round "1.52"]
[White "Peglau, Charis"]
[Black "Reding, Sevda"]
[Result "1-0"]
[TimeControl "2700+10"]
[WhiteElo "1937"]
[BlackElo "1237"]

1. d4 Nf6 2. c4 c5 3. Nf3 g6 4. Nc3 cxd4 5. Nxd4 Bg7 6. e4 d6 7. Be2 Qb6 8. Nb3 O-O 9. Be3 Qd8 10.
O-O Nc6 11. Rc1 Bd7 12. f3 Ne8 13. Qd2 Nc7 14. Rfd1 Be6 15. Nd5 Rc8 16. c5 Bxd5 17. exd5 Ne5 18. cxd6 Qxd6 19. Bc5 Qf6 20.
d6 exd6 21. Qxd6 b6 22. Qxf6 Bxf6 23. Bxf8 Kxf8 24. Ba6 Nxa6 25. Rxc8+ Ke7 26. Nd4 h5 27. f4 Ng4 28. Nc6+ Ke6 29. Re8+ Kf5 30. g3 Bxb2 31. Rd6 Nc5 32.
Ne7+ Ke4 33. Nxg6+ Kf3 34. Nh4# 1-0

[Event "FIDE U16 Olympiad_boards_1-80"]
[Site "Eindhoven, Netherlands"]
[Date "2023.08.13"]
[Round "1.53"]
[White "Atanasov, Anthony"]
[Black "Altynbekuly, Madiyar"]
[Result "1-0"]
[TimeControl "2700+10"]
[WhiteElo "2239"]
[BlackElo "1750"]

1. d4 d5 2. Bf4 c5 3. e3 Nc6 4.
Nf3 Nf6 5. Nbd2 cxd4 6. exd4 Bg4 7. c3 e6 8. Bd3 Bd6 9.
Bxd6 Qxd6 10. O-O O-O 11. Re1 Rab8 12. a4 a6 13. Qb1 Bxf3 14. Nxf3 b5 15. axb5 axb5 16. b4 Rfc8 17. Ne5 Ne7 18.
Re3 Rc7 19. Ra5 Rbc8 20. Rxb5 Rxc3 21. Rc5 R3xc5 22. dxc5 Qb8 23. Re1 d4 24. Ba6 Rc7 25. Nd3 Nd7 26. Qb2 e5 27. Bc4 Ng6 28.
Qb3 Qf8 29. h4 h5 30. Qd1 Qe7 31. Qxh5 Qf6 32. Ra1 e4 33. Ra6 Rc6 34. Rxc6 Qxc6 35. Bd5 Qa6 36. Bxe4 Nf6 37. Qe2 Ne5 38. Bf5 Nc6 39. Qf3 Ne7 40.
Be4 Qe6 41. Bb7 Qc4 42. c6 Ned5 43. g4 Nxg4 44. Qxg4 Qxd3 45. c7 Nxc7 46. Qc8+ Kh7 47. Qxc7 Qb1+ 48. Kg2 Qxb4 49. Be4+ Kh6 50. Qf4+ 1-0